 Dungeon Crawl Stone Soup version 0.28.0-53-g5a82cb258f (webtiles) character file.

Game seed: 16937093822878351414

849 styxcanada the Covert (level 7, -8/35 HPs)
             Began as a Spriggan Brigand on July 10, 2022.
             Was an Initiate of Gozag.
             Mangled by Prince Ribbit (10 damage)
             ... on level 6 of the Dungeon.
             The game lasted 00:22:01 (6977 turns).

styxcanada the Covert (Spriggan Brigand)            Turns: 6977, Time: 00:22:01

Health: -8/35      AC:  4    Str:  7    XL:     7   Next: 69%
Magic:  10/12      EV: 17    Int: 12    God:    Gozag
Gold:   375        SH:  6    Dex: 19    Spells: 7/11 levels left

rFire   . . .      SeeInvis +   g - +2 short sword (speed)
rCold   . . .      Faith    .   n - +0 buckler
rNeg    . . .      Spirit   .   b - +0 robe
rPois   .          Reflect  .   (helmet restricted)
rElec   .          Harm     .   c - +1 cloak
rCorr   .          Rampage  .   (gloves unavailable)
Will    +....                   (boots unavailable)
Stlth   ++++......              (no amulet)
HPRegen 0.11/turn               (no ring)
MPRegen 0.13/turn               (no ring)

@: hasted, very quick
A: very small, no large weapons, unfitting armour, see invisible, speed 3
a: Renounce Religion, Potion Petition, Call Merchant, Bribe Branch


You were on level 6 of the Dungeon.
You worshipped Gozag.
Gozag was aware of your devotion.
You visited 2 branches of the dungeon, and saw 7 of its levels.
You also visited: Sewer.

You collected 413 gold pieces.
You paid 38 gold pieces to Gozag.

Inventory:

Hand Weapons
 a - a +2 dagger
 g - a +2 short sword of speed (weapon)
Missiles
 d - 14 poisoned darts (quivered)
 e - 2 curare-tipped darts
 f - 173 stones
 r - 4 boomerangs
Armour
 b - a +0 robe (worn)
 c - a +1 cloak (worn)
 n - a +0 buckler (worn)
Jewellery
 h - a ring of protection from cold
Wands
 p - a wand of iceblast (3)
 s - a wand of polymorph (6)
Scrolls
 j - a scroll of enchant weapon
 q - 2 scrolls of teleportation
Potions
 i - a potion of curing
 k - a potion of brilliance
 l - 3 potions of invisibility
 o - a potion of berserk rage {unknown}


   Skills:
 * Level 2.3 Fighting
 + Level 3.9 Short Blades
 + Level 2.3 Throwing
 * Level 3.6 Dodging
 * Level 9.2 Stealth
 * Level 1.2 Shields
 * Level 2.7 Spellcasting
 * Level 2.5 Hexes
 * Level 3.1 Transmutations
 * Level 2.3 Poison Magic
 * Level 0.8 Evocations


You had 7 spell levels left.
You knew the following spells:

 Your Spells              Type           Power      Damage    Failure   Level
a - Sting                 Tmut/Pois      32%        1d4       19%         1
b - Confusing Touch       Hex            7%         N/A       50%         3

Your spell library contained the following spells:

 Spells                   Type           Power      Damage    Failure   Level
 Beastly Appendage        Tmut           18%        N/A       16%         1
 Wereblood                Tmut           9%         N/A       22%         2
 Spider Form              Tmut/Pois      8%         N/A       47%         3
 Summon Guardian Golem    Hex/Summ       4%         N/A       67%         3
 Yara's Violent Unravell  Hex/Tmut       4%         3d4       99%         5
 Enfeeble                 Hex            3%         N/A       100%        7
 Orb of Destruction       Conj           0%         9d5       100%        7
 Spellforged Servitor     Conj/Summ      0%         N/A       100%        7


Dungeon Overview and Level Annotations

Branches:
Dungeon (6/15)             Temple (1/1) D:4           Sewer (visited)

Altars:
Ashenzari
Cheibriados
Dithmenos
Elyvilon
Fedhas
Gozag
Hepliaklqana
Kikubaaqudgha
Makhleb
Nemelex Xobeh
Okawaru
Qazlal
Ru
Sif Muna
Trog
Uskayaw
Vehumet
Wu Jian
Xom
Yredelemnul
Zin
The Shining One

Annotations:
D:6 Prince Ribbit


Innate Abilities, Weirdness & Mutations

You are very small and have problems with some larger weapons.
You are too small for most types of armour.
You have supernaturally acute eyesight. (SInv)
You cover ground extremely quickly. (Speed+++)


Message History

Prince Ribbit is lightly wounded.
Prince Ribbit hits you!
* * * LOW HITPOINT WARNING * * *
You closely miss Prince Ribbit.
Prince Ribbit is lightly wounded.
Prince Ribbit hits you but does no damage.
There is a stone staircase leading up here.
Casting: Sting (safe; 19% risk of failure)
Confirm with . or Enter, or press ? or * to list all spells.
Aiming: Sting (safe; 19% risk of failure)
Press: ? - help, Shift-Dir - straight line, f - Prince Ribbit
Aim: Prince Ribbit (lightly wounded, 45% to hit)
The sting hits Prince Ribbit.
Prince Ribbit is poisoned.
Prince Ribbit is lightly wounded.
Prince Ribbit barely misses you.
Unknown command.
You feel better. Prince Ribbit hits you. Prince Ribbit barely misses you.
Throw: 15 darts (poison)
Press: ? - help, Q - select action, (/) - cycle Shift-Dir - straight line, f/p - Prince Ribbit
Aim: Prince Ribbit (lightly wounded, poisoned, 43% to hit)
You throw a poisoned dart. The poisoned dart hits Prince Ribbit!
Prince Ribbit looks even sicker.
Prince Ribbit is lightly wounded.
Prince Ribbit hits you!
* * * LOW HITPOINT WARNING * * *
Casting: Sting (safe; 19% risk of failure)
Confirm with . or Enter, or press ? or * to list all spells.
Aiming: Sting (safe; 19% risk of failure)
Press: ? - help, Shift-Dir - straight line, f/p - Prince Ribbit
Aim: Prince Ribbit (lightly wounded, very poisoned, 45% to hit)
The sting hits Prince Ribbit.
Prince Ribbit looks as sick as possible!
Prince Ribbit is moderately wounded.
Prince Ribbit completely misses you.
Okay, then.
It was a potion of haste.
You feel yourself speed up. Prince Ribbit hits you.
* * * LOW HITPOINT WARNING * * *
Prince Ribbit hits you!
You die...
Your body crumbles into a pile of gold.

###
#@#
#F#
#.#
#.#
#.#
#.#
#..
###


You could see Prince Ribbit (extremely poisoned).

Vanquished Creatures
  Sigmund (D:4)
  A necrophage (D:4)
  A sky beast (D:5)
  A centaur (D:5)
  A water moccasin skeleton (D:5)
  An orc priest (D:4)
  2 jellies
  An iguana (D:4)
  2 orc wizards (D:4)
  Terence (D:2)
  10 adders
  A white imp (D:5)
  2 worms
  2 dart slugs
  16 orcs
  15 ball pythons
  3 bats
  6 endoplasms
  4 giant cockroaches
  4 goblins
  2 hobgoblins
  7 jackals
  7 kobolds
  A quokka (Temple)
  6 frilled lizards
  2 rats (D:1)
100 creatures vanquished.

Notes
Turn   | Place    | Note
-------+----------+-------------------------------------------
     0 | D:1      | styxcanada the Spriggan Brigand began the quest for the
                  | Orb.
     0 | D:1      | Reached XP level 1. HP: 10/10 MP: 2/2
    62 | D:1      | Found a faded altar of an unknown god.
    68 | D:1      | Reached skill level 6 in Stealth
   305 | D:1      | Got Plato's Compendium of Poisoning
   459 | D:1      | Reached XP level 2. HP: 14/14 MP: 3/3
   465 | D:1      | Learned a level 1 spell: Sting
   838 | D:1      | Reached skill level 7 in Stealth
  1163 | D:2      | Reached XP level 3. HP: 18/18 MP: 5/5
  1231 | D:2      | Found an iron altar of Okawaru.
  1250 | D:2      | Reached skill level 1 in Spellcasting
  1477 | D:2      | Noticed Terence
  1504 | D:2      | Killed Terence
  1505 | D:2      | Reached XP level 4. HP: 13/23 MP: 6/6
  1707 | D:2      | Learned a level 3 spell: Confusing Touch
  1716 | D:2      | Reached skill level 1 in Transmutations
  1947 | D:3      | Found a glowing drain.
  1991 | Sewer    | Entered a sewer
  2219 | Sewer    | HP: 1/23 [adder (3)]
  2495 | Sewer    | Reached skill level 1 in Poison Magic
  2495 | Sewer    | Reached XP level 5. HP: 8/26 MP: 8/8
  2502 | Sewer    | Reached skill level 1 in Hexes
  3624 | D:3      | Found a shimmering altar of Xom.
  3693 | D:3      | Reached skill level 8 in Stealth
  4216 | D:4      | Found a staircase to the Ecumenical Temple.
  4225 | Temple   | Entered the Ecumenical Temple
  4440 | Temple   | Became a worshipper of Gozag Ym Sagoz the Greedy
  4654 | D:4      | HP: 1/26 [orc/+0 mace (3)]
  5058 | D:4      | Noticed a necrophage
  5064 | D:4      | Killed a necrophage
  5065 | D:4      | Reached XP level 6. HP: 23/30 MP: 7/10
  5085 | D:4      | Noticed Sigmund
  5088 | D:4      | Killed Sigmund
  5115 | D:4      | Reached XP level 7. HP: 10/35 MP: 8/11
  6141 | D:5      | Entered Level 5 of the Dungeon
  6273 | D:5      | Reached skill level 1 in Shields
  6403 | D:5      | Reached skill level 9 in Stealth
  6963 | D:6      | Noticed Prince Ribbit
  6977 | D:6      | Mangled by Prince Ribbit

Illustrated notes

Levels and vault maps discovered:
D:1:      eino_arrival_cavern_b, layout_loops_ring,
          shapermc_ecumenical_altar_rom_forum
D:2:      layout_rooms, basic_altar, corexii_shack, minmay_misc_feat_plants,
          uniq_terence
D:3:      minmay_skewed_foursquare, layout_loops_corners, xom_teletrap_fun,
          cheibrodos_sewer_entry_sluice
D:4:      layout_gridville, temple_fountains, uniq_sigmund
D:5:      layout_loops_ring, nicolae_concentric_dashed_squares_wild
D:6:      layout_basic, uniq_prince_ribbit1, uniq_blork_the_orc
Temple:   mainiacjoe_temple_trianglar_array

Skill      XL: |  1  2  3  4  5  6  7 |
---------------+----------------------+-----
Stealth        | 6 7 8 9 |  9.2
Spellcasting   | 1 2 |  2.7
Transmutations | 1 2 3 |  3.1
Dodging        | 2 3 |  3.6
Poison Magic   | 1 2 |  2.3
Hexes          | 1 2 |  2.5
Short Blades   | 3 |  3.9
Fighting       | 2 |  2.3
Shields        | 1 |  1.2
Throwing       | |  2.3
Evocations     | |  0.8

Action                   |  1- 3 |  4- 6 |  7- 9 || total
-------------------------+-------+-------+-------++-------
Melee: Dagger            |    68 |    15 |       ||    83
       Short sword       |       |   171 |    71 ||   242
       Punch             |       |     2 |       ||     2
Throw: Dart              |    17 |    15 |     5 ||    37
 Cast: Sting             |       |     4 |    13 ||    17
  Use: Potion            |       |     2 |     2 ||     4
       Scroll            |       |     4 |     3 ||     7
 Stab: Sleeping          |    12 |    18 |     5 ||    35
Armor: Robe              |     5 |    33 |     5 ||    43
Dodge: Dodged            |    48 |   134 |    43 ||   225
Block: Buckler           |       |     8 |    15 ||    23
